 Dungeon Crawl Stone Soup version bcrawl-1.21.2-28-g2cb1824106 (webtiles) character file.

Game seed: 13991411322599473002

2716 BeastOfSaturn the Covert (level 9, 0/52 HPs)
             Began as a Jungle Stalker Rogue on Mar 8, 2020.
             Was a Believer of Dithmenos.
             Slain by an orc warrior
             ... wielding a +0 glaive
              (11 damage)
             ... in a bailey on Mar 9, 2020.
             The game lasted 00:24:48 (5313 turns).

BeastOfSaturn the Covert (Jungle Stalker Rogue)     Turns: 5313, Time: 00:24:48

Health: 0/52       AC: 12    Str: 15    XL:     9   Next: 66%
Magic:  11/11      EV: 12    Int: 14    God:    Dithmenos [**....]
Gold:   456        SH:  0    Dex: 19    Spells: 3/8 levels left

rFire    . . .     SeeInvis .   p - +1 short sword (venom)
rCold    . . .     Gourm    .   (no shield)
rNeg     . . .     Faith    .   G - +4 ring mail
rPois    +         Spirit   .   (no helmet)
rElec    .         Reflect  .   d - +1 cloak
rCorr    .         Harm     .   (no gloves)
MR       .....                  (no boots)
Stlth    +++++++...             (no amulet)
HPRegen  0.57/turn              s - +4 ring of dexterity
MPRegen  0.12/turn              u - ring of stealth

@: wreathed by umbra
A: fangs 3, poison resistance, regeneration 1, acidic bite, no potion heal 3,
rot immunity, strong jaws
a: Shadow Step, Renounce Religion


You were in a bailey.
You worshipped Dithmenos.
Dithmenos was pleased with you.
You were not hungry.

You visited 2 branches of the dungeon, and saw 8 of its levels.
You also visited: Bailey.

You collected 456 gold pieces.

Inventory:

Hand Weapons
 a - a +2 dagger
 b - a +0 blowgun
 n - a +3 short sword
 p - a +1 short sword of venom (weapon)
Missiles
 h - 223 poisoned needles
 l - a throwing net (quivered) {!f}
Armour
 d - a +1 cloak (worn)
 G - a +4 ring mail (worn)
Jewellery
 s - a +4 ring of dexterity (left hand)
 u - a ring of stealth (right hand)
Wands
 f - a wand of flame (14)
 g - a wand of enslavement (3)
 F - a wand of disintegration (6)
Scrolls
 m - a scroll of acquirement {unknown}
 q - a scroll of remove curse
 x - 2 scrolls of teleportation
 B - a scroll of enchant weapon
Potions
 c - 4 potions of haste
 j - a potion of lignification
 k - a potion of might {unknown}
 o - a potion of resistance {unknown}
 r - 5 potions of curing
 t - a potion of flight {unknown}
 v - 3 potions of agility
 w - a potion of berserk rage {unknown}
 z - a potion of degeneration {unknown}
 A - 2 potions of ambrosia {unknown}
 C - 3 potions of heal wounds {unknown}
Comestibles
 e - 8 rations {!d}


   Skills:
 * Level 4.7 Fighting
 * Level 7.2 Short Blades
 - Level 5.0 Armour
 + Level 2.5 Dodging
 - Level 10.0 Stealth
 * Level 1.3 Summonings
 + Level 2.2 Evocations


You had 3 spell levels left.
You knew the following spells:

 Your Spells              Type           Power        Failure   Level  Hunger
a - Summon Lightning Spi  Summ/Air       #.......     100%        5    ######.

Your spell library contained the following spells:

 Spells                   Type           Power        Failure   Level  Hunger
 Summon Small Mammal      Summ           #...         30%         1    ##.....
 Call Imp                 Summ           #.....       43%         2    ###....
 Magic Dart               Conj           #...         47%         1    ##.....
 Searing Ray              Conj           #.......     63%         2    ###....
 Call Canine Familiar     Summ           #.......     67%         3    ####...
 Iskenderun's Mystic Bla  Conj           #.......     85%         3    ####...
 Fulminant Prism          Conj/Hex       #.........   99%         4    #####..
 Summon Ice Beast         Ice/Summ       #.......     99%         4    #####..
 Irradiate                Conj/Tmut      #.........   100%        5    ######.


Dungeon Overview and Level Annotations

Branches:
Dungeon (7/12)             Temple (1/1) D:5
   Lair: D:7-9

Altars:
Ashenzari
Cheibriados
Dithmenos
Gozag
Hepliaklqana
Lugonu
Makhleb
Okawaru
Ru
Trog
Uskayaw
Wu Jian
Xom
The Shining One

Shops:
D:5 [


Innate Abilities, Weirdness & Mutations

You have razor-sharp teeth.
Your system is resistant to poisons. (rPois)
Your natural rate of healing is unusually fast.
You have acidic saliva.
Potions cannot restore your health.
You are immune to rotting.
Your bites deal extra damage.


Message History

You hit the orc.
The orc is poisoned.
The orc is lightly wounded.
Your orc knight misses the orc.
The orc warrior closely misses you.
You hit the orc.
The orc looks more poisoned.
The orc is heavily wounded.
The orc closely misses you.
You barely miss the orc.
The orc is severely wounded.
Your orc knight barely misses the orc.
The orc hits you with a +0 halberd.
The orc warrior hits you with a +0 glaive!
* * * LOW HITPOINT WARNING * * *
You hit the orc.
You kill the orc!
Dithmenos accepts your kill.
You can now step into the shadows of enemies, leaving a shadow behind.
You puncture the orc warrior!
The orc warrior is poisoned.
You bite the orc warrior!
The orc warrior is splashed with acid.
The orc warrior is heavily wounded.
The orc warrior hits you with a +0 glaive!
You die...

#######
##..∩..##
#.......#
#∩.....∩#
#.......#
#.......#
#.......#
#...@o..#
#.)))o..#
#..).)).#
#...))).#
#...)...#
##..)..##
###'###
#)..#
#...#


You could see an orc warrior and a friendly orc knight.

Vanquished Creatures
  A hippogriff (D:6)
  A water moccasin (D:6)
  5 orc warriors
  2 ogres
  A phantom (D:5)
  An ice beast (D:6)
  A necrophage (D:4)
  2 centaurs
  A bullfrog (D:6)
  A big kobold (D:6)
  4 howler monkeys
  5 crimson imps
  2 orc priests
  A centaur zombie (D:5)
  A hound (D:6)
  3 iguanas
  3 orc wizards
  5 worker ants
  2 howler monkey zombies
  6 adders
  2 gnolls (D:3)
  A shadow imp (D:7)
  An ooze (D:6)
  2 worms (D:2)
  3 dart slugs
  6 leopard geckos
  39 orcs
  2 giant cockroaches
  12 goblins
  5 hobgoblins
  14 jackals
  4 quokkas
  A ball python (D:2)
  5 bats
  2 frilled lizards (D:1)
  12 kobolds
  8 rats
  A butterfly (D:5)
168 creatures vanquished.

Vanquished Creatures (collateral kills)
  2 orc warriors (Bailey)
  5 orcs (Bailey)
7 creatures vanquished.

Vanquished Creatures (others)
  2 orc warriors (Bailey)
  An orc (Bailey)
3 creatures vanquished.

Grand Total: 178 creatures vanquished

Notes
Turn   | Place    | Note
-------+----------+-------------------------------------------
     0 | D:1      | BeastOfSaturn the Vine Stalker Rogue began the quest for
                  | the Orb.
     0 | D:1      | Reached XP level 1. HP: 12/12 MP: 3/3
    75 | D:1      | Reached skill level 6 in Stealth
   181 | D:1      | Reached XP level 2. HP: 17/17 MP: 4/4
   654 | D:2      | Found an ornate altar of the Wu Jian Council.
   717 | D:2      | Reached XP level 3. HP: 21/21 MP: 5/5
  1266 | D:3      | Reached XP level 4. HP: 16/27 MP: 6/6
  1305 | D:3      | Found a bloodstained altar of Trog.
  1490 | D:3      | Reached skill level 1 in Armour
  1537 | D:3      | Reached XP level 5. HP: 29/31 MP: 7/7
  1583 | D:3      | Found a shimmering altar of Xom.
  1667 | D:3      | Found an opulent altar of Gozag.
  1932 | D:4      | Reached skill level 7 in Stealth
  1938 | D:4      | Noticed a necrophage
  1943 | D:4      | Reached skill level 1 in Dodging
  1951 | D:4      | Killed a necrophage
  1951 | D:4      | Gained mutation: You have razor-sharp teeth. [Vine Stalker
                  | growth]
  1951 | D:4      | Reached XP level 6. HP: 28/36 MP: 8/8
  2017 | D:4      | Found a glowing golden altar of the Shining One.
  2087 | D:4      | Found an iron altar of Okawaru.
  2376 | D:5      | Entered Level 5 of the Dungeon
  2435 | D:5      | Reached XP level 7. HP: 4/41 MP: 9/9
  2559 | D:5      | Reached skill level 8 in Stealth
  2621 | D:5      | Found a shimmering altar of Xom.
  2791 | D:5      | Found a staircase to the Ecumenical Temple.
  2798 | Temple   | Entered the Ecumenical Temple
  2892 | Temple   | Became a worshipper of Dithmenos the Shadowed
  3176 | D:5      | Gained mutation: You have acidic saliva. [Jungle Stalker
                  | growth]
  3176 | D:5      | Gained mutation: Your system is resistant to poisons.
                  | (rPois) [Jungle Stalker growth]
  3176 | D:5      | Reached XP level 8. HP: 41/46 MP: 9/10
  3267 | D:5      | Found Jivub's Armour Shop.
  3876 | D:6      | Reached skill level 5 in Short Blades
  4020 | D:6      | Noticed a hippogriff
  4030 | D:6      | Killed a hippogriff
  4030 | D:6      | Reached skill level 9 in Stealth
  4204 | D:6      | Reached XP level 9. HP: 30/52 MP: 11/11
  4554 | D:6      | Found a corrupted altar of Lugonu.
  4830 | D:7      | Found a snail-covered altar of Cheibriados.
  4985 | D:7      | Learned a level 5 spell: Summon Lightning Spire
  4990 | D:7      | Found a flagged portal.
  4993 | D:7      | Reached * piety under Dithmenos
  5000 | Bailey   | Entered a bailey
  5006 | Bailey   | Reached skill level 10 in Stealth
  5122 | Bailey   | HP: 2/52 [orc warrior/+0 trident (8)]
  5123 | Bailey   | Reached skill level 1 in Summonings
  5253 | Bailey   | Noticed an orc knight
  5284 | Bailey   | Reached skill level 5 in Armour
  5312 | Bailey   | Reached ** piety under Dithmenos
  5313 | Bailey   | Slain by an orc warrior

Skill      XL: |  1  2  3  4  5  6  7  8  9 |
---------------+----------------------------+-----
Stealth        | 6 7 8 9 10 | 10.0
Short Blades   | 2 3 4 6 7 |  7.2
Fighting       | 2 3 4 |  4.7
Armour         | 1 2 3 4 5 |  5.0
Dodging        | 1 2 |  2.5
Evocations     | 2 |  2.2
Summonings     | 1 |  1.3

Action                   |  1- 3 |  4- 6 |  7- 9 || total
-------------------------+-------+-------+-------++-------
Melee: Dagger            |    54 |       |       ||    54
       Bite              |    10 |    19 |    35 ||    64
       Short sword       |    57 |   125 |   269 ||   451
Evoke: Wand              |       |       |    25 ||    25
  Use: Scroll            |       |     4 |     6 ||    10
 Stab: Sleeping          |    12 |    10 |    13 ||    35
  Eat: Chunk             |     1 |       |     4 ||     5
       Ration            |       |     2 |     1 ||     3
Armor: Robe              |     4 |       |       ||     4
       Ring mail         |    14 |    32 |    81 ||   127
Dodge: Dodged            |    66 |    65 |   161 ||   292
